 Dungeon Crawl Stone Soup version 0.16-a0-3939-g9a3e665 (webtiles) character file.

21004 PolkaDot the Cruncher (level 12, -7/74 HPs)
             Began as a Vampire Summoner on Feb 6, 2015.
             Was a High Priest of Sif Muna.
             Mangled by a tentacled monstrosity (11 damage)
             ... summoned by a lich
             ... on level 1 of the Abyss.
             The game lasted 02:03:58 (20471 turns).

PolkaDot the Cruncher (Vampire Summoner)           Turns: 20471, Time: 02:03:59

Health: -7/74      AC:  9    Str:  7    XL:     12   Next: 50%
Magic:  20/29      EV: 12    Int: 21    God:    Sif Muna [*****.]
Gold:   2195       SH:  0    Dex: 14    Spells: 4 memorised, 2 levels left

rFire  + . .     SeeInvis +     a - staff of summoning
rCold  + . .     Rnd*Rage +     B - +0 leather armour {rF+}
rNeg   + + .     SustAb   .     (no shield)
rPois  +         Gourm    .     (helmet restricted)
rElec  .         Spirit   .     X - +2 cloak
rCorr  .         Warding  +     w - +0 pair of gloves
rMut   .         Stasis   .     s - +1 pair of boots
MR     +....                    e - amulet of faith
Stlth  ++........               r - ring of magical power
                                y - ring of wizardry

@: about to teleport, regenerating slowly, somewhat resistant to hostile
enchantments, unstealthy
A: bottle blood, fangs 3, horns 1, see invisible, berserk 1, deterioration 1,
frail 1, unbreathing, MP-powered wands 2
a: Bat Form, Channel Energy, Forget Spell, Renounce Religion


You were on level 1 of the Abyss.
You worshipped Sif Muna.
Sif Muna was extremely pleased with you.
You were thirsty.

You visited 3 branches of the dungeon, and saw 16 of its levels.
You visited the Abyss 1 time.
You also visited: Bailey and Ice Cave.

You collected 2195 gold pieces.

Inventory:

Hand weapons
 b - a +4 quarterstaff of chaos
 x - a +1 quarterstaff of freezing
Missiles
 L - 8 throwing nets (quivered)
Armour
 o - a +0 cloak of magic resistance
 s - a +1 pair of boots (worn)
 w - a +0 pair of gloves (worn)
 B - a +0 leather armour of fire resistance (worn)
 X - a +2 cloak (worn)
 Y - a +0 helmet of see invisible
Magical staves
 a - an uncursed staff of summoning (weapon)
Jewellery
 e - an amulet of faith (around neck)
 m - an uncursed amulet of regeneration
 r - a ring of magical power (right hand)
 v - an uncursed ring of magical power
 y - a ring of wizardry (left hand)
 K - an uncursed ring of protection from magic
 P - an uncursed ring of poison resistance
 R - an uncursed ring of positive energy
Magical devices
 i - a wand of fire (6)
 n - a wand of cold (3)
 t - a wand of teleportation (0)
 H - a wand of teleportation (2)
 J - a wand of draining (5)
 N - a wand of digging (7)
 O - a wand of hasting (4)
 T - a wand of polymorph (15)
 W - a wand of digging (15)
Scrolls
 d - a scroll of teleportation
 h - 5 scrolls of immolation
 j - 4 scrolls of enchant armour
 k - a scroll of fog
 p - 6 scrolls of remove curse
 q - 2 scrolls of recharging
 S - 2 scrolls of fear
Potions
 l - a potion of resistance
 A - 4 potions of flight
 C - 2 potions of restore abilities
 D - a potion of magic
 E - 2 potions of cancellation
 G - a potion of berserk rage
 I - 2 potions of brilliance
 M - 2 potions of haste
 U - a potion of invisibility
Books
 c - a book of Callings

   Spells                             Type                      Level
   a - Summon Small Mammal            Summoning                    1
   b - Call Imp                       Summoning                    2
   c - Call Canine Familiar           Summoning                    3
   d - Summon Guardian Golem          Hexes/Summoning              4
   e - Summon Lightning Spire         Summoning/Air                4
   f - Summon Ice Beast               Ice/Summoning                4
 F - a book of Control

   Spells                             Type                      Level
   a - Control Teleport               Charms/Translocation         4
   b - Control Undead                 Necromancy                   4
   c - Enslavement                    Hexes                        4
   d - Metabolic Englaciation         Hexes/Ice                    5
   e - Mass Confusion                 Hexes                        6
 Q - a book of Maledictions

   Spells                             Type                      Level
   a - Corona                         Hexes                        1
   b - Sure Blade                     Hexes/Charms                 2
   c - Ensorcelled Hibernation        Hexes/Ice                    2
   d - Confuse                        Hexes                        3
   e - Dazzling Spray                 Conjuration/Hexes            3
   f - Enslavement                    Hexes                        4
Miscellaneous
 f - an ornate deck of summoning {drawn: 2}


   Skills:
 - Level 4.2 Fighting
 * Level 12.2 Staves
 - Level 2.1 Dodging
 - Level 3.0 Stealth
 - Level 2.0 Spellcasting
 - Level 6.4 Hexes
 + Level 11.3 Summonings
 - Level 5.5 Ice Magic
 + Level 5.2 Invocations


You had 2 spell levels left.
You knew the following spells:

 Your Spells              Type           Power        Failure   Level  Hunger
d - Call Canine Familiar  Summ           ######..     1%          3    ###....
g - Summon Guardian Gole  Hex/Summ       ######..     3%          4    #####..
i - Summon Ice Beast      Ice/Summ       ######..     4%          4    #####..
s - Call Imp              Summ           ######..     1%          2    ##.....


Dungeon Overview and Level Annotations

Branches:
Dungeon (11/15)            Temple (1/1) D:5            Lair (4/8) D:8
    Orc (0/4) D:11
  Swamp: Lair:3-6    Shoals: Lair:3-6     Snake: Lair:3-6    Spider: Lair:3-6

Altars:
Ashenzari
Cheibriados
Dithmenos
Elyvilon
Fedhas
Gozag
Kikubaaqudgha
Makhleb
Nemelex Xobeh
Okawaru
Qazlal
Ru
Sif Muna
Trog
Vehumet
Xom
Yredelemnul
Zin
The Shining One

Shops:
D:10 =

Annotations:
D:11 Sonja


Innate Abilities, Weirdness & Mutations

You heal slowly.
You can bottle blood from corpses.
You have razor-sharp teeth.
You have supernaturally acute eyesight.
You can survive without breathing.
You have a pair of small horns on your head.
[You tend to lose your temper in combat.]
[Your body is slowly deteriorating.]
[You are frail (-10% HP).]
[You expend magic power (6 MP) to strengthen your wands.]


Message History

Your warg bites the lich!
The lich gestures wildly while chanting.
The lich seems to speed up.
Your warg closely misses the lich.
The lich touches your warg.
Your warg closely misses the lich.
The wretched star pulses with an eldritch light!
You feel less able to contain your magic power.
You feel frail.
You feel a little pissed off.
The tentacled monstrosity twists and deforms.
Your warg twists and deforms.
Drink which item? (? for menu, Esc to quit)
Okay, then.
Evoke which item? (* to show all) (? for menu, Esc to quit)
Okay, then.
Evoke which item? (* to show all) (? for menu, Esc to quit)
You draw a card...
It is Foxfire.
The lich barely misses your warg.
Your warg bites the lich.
The lich touches your warg!
The tentacled monstrosity tentacle-slaps you!
* * * LOW HITPOINT WARNING * * *
The tentacled monstrosity tentacle-slaps you!
You die...

#### #@y#
#X*# #y##
## #.#
##.##h#
#.#.L#..#
###.h.#..##
#...###.##
#.... #.#
#.


You could see a tentacled monstrosity, a lich, a wretched star, a friendly warg
and 2 friendly vampire mosquitoes.

Vanquished Creatures
  Fannar (D:10)
  An ice dragon (IceCv)
  Erica (D:10)
  2 ice statues (IceCv)
  A black mamba (Lair:1)
  3 spiny frogs
  A kobold demonologist (D:11)
  A fire drake (Lair:2)
  A blink frog (Lair:1)
  2 trolls
  The ghost of Charly the Poker, an average MfSk (D:4)
  A two-headed ogre (D:10)
  3 basilisks
  4 yaks
  A wraith (D:10)
  3 wolves (Lair:3)
  A mottled dragon (D:11)
  A wyvern (D:9)
  4 hippogriffs
  Edmund (D:6)
  2 water moccasins
  11 ice beasts
  6 porcupines
  2 black bears
  A spider (Lair:1)
  2 phantoms (D:10)
  2 centaurs
  A sky beast (D:10)
  5 ogres
  4 crocodiles
  2 big kobolds
  A water moccasin zombie (D:10)
  A water moccasin skeleton (D:9)
  7 giant frogs
  4 scorpions
  3 lava snakes (D:10)
  2 electric eels (D:11)
  The ghost of Charly the Charmwright, a weakling HESk (D:3)
  A quasit (D:10)
  A goliath beetle (D:8)
  3 crimson imps
  2 giant frog zombies
  3 centaur zombies
  7 jellies
  Crazy Yiuf (D:3)
  2 giant frog skeletons
  11 hounds
  A worker ant (D:5)
  4 iguanas
  5 orc wizards
  2 hell rats (Lair:3)
  A killer bee zombie (D:7)
  4 sheep
  A hound skeleton (D:7)
  23 river rats
  5 adders
  A gnoll (D:11)
  4 shadow imps
  A white imp (D:11)
  2 worms
  An ufetubus (D:11)
  5 giant geckos
  3 oozes
  21 orcs
  13 bats
  7 giant cockroaches
  11 hobgoblins
  17 jackals
  28 kobolds
  6 quokkas
  2 ball pythons
  3 giant newts
  13 goblins
  A quokka skeleton (D:4)
  18 rats
  A spectral orc (D:4)
  A fungus (D:3)
327 creatures vanquished.

Vanquished Creatures (collateral kills)
  3 hydras
  An ice dragon (IceCv)
  Harold (Lair:3)
  A death yak (D:11)
  An obsidian statue (D:10)
  3 hill giants
  An orc knight (Bailey)
  A black mamba (Lair:3)
  Joseph (Lair:1)
  A torpor snail (Lair:3)
  2 komodo dragons (Lair:2)
  2 spiny frogs (Lair:3)
  A slime creature (Lair:1)
  3 blink frogs
  2 basilisks (D:8)
  5 yaks
  A wyvern (D:8)
  A spriggan (Lair:2)
  A deep elf mage (D:9)
  A human (D:7)
  19 ice beasts
  A chaos spawn (Abyss:1)
  A warg (D:10)
  5 wolves
  3 water moccasins
  2 porcupines
  2 black bears
  9 orc warriors
  2 ogres
  A centaur (D:10)
  2 crocodiles
  A big kobold (D:11)
  A wyvern zombie (D:11)
  2 giant frogs
  A wyvern skeleton (D:11)
  4 wights (D:9)
  An electric eel (D:11)
  A quasit (D:6)
  A lava snake (D:10)
  A crimson imp (D:10)
  4 jellies
  2 orc priests
  4 hounds
  2 iguanas
  4 orc wizards
  5 hell rats (Lair:3)
  A killer bee zombie (D:5)
  15 sheep
  6 adders
  6 gnolls
  15 river rats
  14 white imps
  A giant mite (D:2)
  17 orcs
  2 hobgoblins
  3 jackals (D:3)
  11 oozes
  2 quokkas
  2 giant newts
  4 goblins
  16 kobolds
  2 rats (D:3)
  A fungus (Lair:1)
232 creatures vanquished.

Vanquished Creatures (others)
  12 guardian golems
  25 wolves
  8 wargs
  An ogre (D:8)
  49 ice beasts
  4 crimson imps
  13 hounds
  2 iron imps
  A shadow imp (D:10)
  9 white imps
  7 bats
  12 quokkas
  8 fungi
  A plant (Lair:3)
152 creatures vanquished.

Grand Total: 711 creatures vanquished

Notes
Turn   | Place    | Note
--------------------------------------------------------------
     0 | D:1      | PolkaDot, the Vampire Summoner, began the quest for the Orb.
     0 | D:1      | Reached XP level 1. HP: 13/13 MP: 3/3
   204 | D:1      | Reached skill level 1 in Fighting
   319 | D:1      | Reached XP level 2. HP: 19/21 MP: 4/4
   903 | D:1      | Reached XP level 3. HP: 9/27 MP: 1/6
  1128 | D:1      | Learned a level 3 spell: Call Canine Familiar
  1831 | D:2      | Reached XP level 4. HP: 27/34 MP: 2/7
  2615 | D:3      | Found a sacrificial altar of Ru.
  2972 | D:3      | Found a shimmering altar of Xom.
  3178 | D:3      | Reached XP level 5. HP: 39/41 MP: 9/9
  3188 | D:3      | Noticed Charly's ghost (weakling HESk)
  3213 | D:3      | Killed Charly's ghost
  3356 | D:3      | Reached skill level 5 in Summonings
  3439 | D:3      | Noticed Crazy Yiuf
  3470 | D:3      | Killed Crazy Yiuf
  3483 | D:3      | Learned a level 4 spell: Summon Ice Beast
  3570 | D:4      | Reached XP level 6. HP: 46/48 MP: 10/10
  3609 | D:4      | Noticed Charly's ghost (average MfSk)
  3626 | D:4      | Killed Charly's ghost
  3626 | D:4      | Reached skill level 1 in Staves
  3668 | D:4      | Found a shadowy altar of Dithmenos.
  3719 | D:4      | Noticed a hippogriff
  3726 | D:4      | Killed a hippogriff
  3798 | D:4      | Reached XP level 7. HP: 47/54 MP: 12/12
  3962 | D:4      | Found a basalt altar of Yredelemnul.
  4176 | D:4      | Noticed an ogre
  4191 | D:4      | Killed an ogre
  4191 | D:4      | Reached skill level 6 in Summonings
  4351 | D:5      | Entered Level 5 of the Dungeon
  5018 | D:5      | Found a staircase to the Ecumenical Temple.
  5031 | Temple   | Entered the Ecumenical Temple
  5137 | Temple   | Became a worshipper of Sif Muna the Loreminder
  5209 | D:5      | Reached XP level 8. HP: 60/60 MP: 13/13
  5222 | D:5      | Found a snail-covered altar of Cheibriados.
  5635 | D:6      | Noticed Edmund
  5761 | D:6      | Reached skill level 1 in Ice Magic
  5947 | D:6      | Found a glowing golden altar of the Shining One.
  5987 | D:6      | Killed Edmund
  5987 | D:6      | Reached skill level 5 in Staves
  6004 | D:6      | Reached skill level 7 in Summonings
  6104 | D:6      | Acquired Sif Muna's first power
  6640 | D:7      | Found a blossoming altar of Fedhas.
  6683 | D:7      | Found a stormy altar of Qazlal.
  6910 | D:7      | Reached XP level 9. HP: 44/65 MP: 8/14
  7357 | D:7      | Found an opulent altar of Gozag.
  7790 | D:8      | Found a bloodstained altar of Trog.
  7853 | D:8      | Acquired Sif Muna's second power
  7886 | D:8      | Reached skill level 8 in Summonings
  7919 | D:8      | Reached skill level 5 in Ice Magic
  8023 | D:8      | Found a staircase to the Lair.
  8088 | D:8      | Found a white marble altar of Elyvilon.
  8234 | D:8      | Reached XP level 10. HP: 38/72 MP: 8/16
  8662 | D:8      | You fall through a shaft!
  8662 | D:9      | Found a shimmering altar of Xom.
  8702 | D:9      | Learned a level 4 spell: Summon Guardian Golem
  8708 | D:9      | Learned a level 2 spell: Call Imp
  8810 | D:9      | Found a radiant altar of Vehumet.
  8839 | D:9      | Reached skill level 1 in Hexes
  9148 | D:9      | Found an iron altar of Okawaru.
  9149 | D:9      | Found a bloodstained altar of Trog.
  9358 | D:9      | Found an ancient bone altar of Kikubaaqudgha.
  9534 | D:8      | Reached skill level 9 in Summonings
  9646 | Lair:1   | Entered Level 1 of the Lair of Beasts
 10490 | Lair:1   | Noticed a black mamba
 10500 | Lair:1   | Killed a black mamba
 10500 | Lair:1   | Acquired Sif Muna's third power
 10773 | Lair:1   | Reached skill level 5 in Hexes
 10807 | Lair:1   | Noticed Joseph
 10821 | Lair:1   | Killed Joseph
 11441 | Lair:2   | Reached XP level 11. HP: 62/77 MP: 14/17
 11488 | Lair:2   | Reached skill level 10 in Staves
 11610 | Lair:2   | Noticed a six-headed hydra
 11631 | Lair:2   | Killed a six-headed hydra
 12197 | Lair:2   | Noticed a four-headed hydra
 12212 | Lair:2   | Killed a four-headed hydra
 12244 | Lair:2   | Reached skill level 10 in Summonings
 12681 | Lair:2   | Reached skill level 1 in Invocations
 13240 | Lair:3   | Found a runed door.
 13420 | Lair:3   | Noticed Harold
 13439 | Lair:3   | Killed Harold
 14101 | Lair:3   | Noticed a seven-headed hydra
 14127 | Lair:3   | Killed a seven-headed hydra
 14127 | Lair:3   | Reached skill level 11 in Staves
 14217 | Lair:4   | Noticed a seven-headed hydra
 14428 | D:10     | Entered Level 10 of the Dungeon
 14439 | D:10     | Noticed Fannar
 14507 | D:10     | Noticed an obsidian statue
 14516 | D:10     | Noticed a hill giant
 14554 | D:10     | Killed a hill giant
 14673 | D:10     | Noticed an ice devil
 14683 | D:10     | Killed an obsidian statue
 14770 | D:10     | Noticed Erica
 14794 | D:10     | Killed Erica
 15001 | D:10     | Found Phuuthim's Jewellery Shop.
 15002 | D:10     | Found a flagged portal.
 15027 | D:10     | Gained mutation: You are weak. (Str -2) [potion of mutation]
 15027 | D:10     | Gained mutation: You are very weak. (Str -4) [potion of mutation]
 15028 | D:10     | Lost mutation: You are very weak. (Str -4) [potion of cure mutation]
 15028 | D:10     | Lost mutation: You are weak. (Str -2) [potion of cure mutation]
 15066 | Bailey   | Entered a bailey
 15819 | D:10     | Reached XP level 12. HP: 70/83 MP: 18/18
 15966 | D:10     | Killed Fannar
 16416 | D:11     | Found a frozen archway.
 16580 | IceCv    | Entered an ice cave
 17637 | IceCv    | Noticed an ice dragon
 17641 | IceCv    | Noticed an ice dragon
 17661 | IceCv    | Killed an ice dragon
 17708 | IceCv    | Killed an ice dragon
 17708 | IceCv    | Reached skill level 12 in Staves
 18164 | IceCv    | Got a clouded steel ring
 18186 | IceCv    | Identified the ring of Wono {-Tele +Fly rPois+ rN+ MR- AC+1} (You found it in an ice cave)
 18452 | D:11     | Reached skill level 5 in Invocations
 19624 | D:11     | Found a staircase to the Orcish Mines.
 19696 | D:11     | Noticed Sonja
 19699 | D:11     | Cast into the Abyss (Sonja)
 19900 | Abyss:1  | Noticed a bone dragon
 20034 | Abyss:1  | Gained mutation: You have a pair of small horns on your head. [potion of beneficial mutation]
 20316 | Abyss:1  | Noticed a bone dragon
 20357 | Abyss:1  | Noticed an eidolon
 20455 | Abyss:1  | Noticed a lich
 20469 | Abyss:1  | Noticed a tentacled monstrosity
 20471 | Abyss:1  | Mangled by a tentacled monstrosity

Action                   |  1- 3 |  4- 6 |  7- 9 | 10-12 || total
-------------------------+-------+-------+-------+-------++-------
Melee: Unarmed           |    32 |       |       |       ||    32
       Dagger            |   154 |   167 |       |       ||   321
       Quarterstaff      |       |    32 |   356 |   652 ||  1040
       Staff             |       |       |       |    56 ||    56
 Cast: Summon Small Mamm |    29 |    34 |    24 |       ||    87
       Call Canine Famil |     3 |    11 |    22 |    67 ||   103
       Summon Ice Beast  |       |       |    14 |   176 ||   190
       Call Imp          |       |       |       |    44 ||    44
       Summon Guardian G |       |       |       |    33 ||    33
Invok: Channel Energy    |       |       |    12 |   324 ||   336
 Abil: End Transformatio |       |       |       |     7 ||     7
       Bat Form          |       |       |       |     7 ||     7
Evoke: Wand              |       |       |       |     3 ||     3
       Deck              |       |       |       |     2 ||     2
  Use: Potion            |     1 |     9 |    38 |   117 ||   165
       Scroll            |       |     7 |    10 |    24 ||    41
 Stab: Sleeping          |     7 |     4 |     3 |     7 ||    21
       Distracted        |       |     2 |     1 |    12 ||    15
       Invisible         |       |     2 |       |     3 ||     5
       Paralysed         |       |       |     6 |     1 ||     7
       Confused          |       |       |     1 |     2 ||     3
       Petrifying        |       |       |     1 |       ||     1
       Fleeing           |       |       |       |     1 ||     1
  Eat: Corpse            |    12 |    13 |       |    13 ||    38
